 Dungeon Crawl Stone Soup version 0.30.1-4-g462c640d31 (webtiles) character file.

Game seed: 8527529594418761689

8011 Kurtz the Cleaver (level 11, 0/96 HPs)
             Began as a Tengu Fighter on Sept 15, 2023.
             Was a High Priest of Okawaru.
             Slain by a yak (2 damage)
             ... on level 9 of the Dungeon.
             The game lasted 00:15:16 (9814 turns).

Kurtz the Cleaver (Tengu Fighter)                   Turns: 9814, Time: 00:15:16

Health: 0/96       AC: 16    Str: 21    XL:     11   Next: 24%
Magic:  12/12      EV: 10    Int:  8    God:    Okawaru [*****.]
Gold:   271        SH:  6    Dex: 17    Spells: 10/10 levels left

rFire   . . .        P - +0 broad axe of Lemuuv {speed, *Noise rC+ rCorr Dex+3 Stlth+}
rCold   + . .        c - +0 buckler
rNeg    . . .        v - +0 plate armour
rPois   .            (helmet restricted)
rElec   .            i - +1 cloak
rCorr   +            (no gloves)
SInv    .            (boots unavailable)
Will    .....        (no amulet) Stlth
                     (no ring)
HPRegen 0.36/turn    (no ring)
MPRegen 0.13/turn

%: no passive effects
@: berserking, flying quickly and evasively, slowed, quick
A: beak, talons 3, nimble flight
a: Renounce Religion, Heroism, Finesse, Duel


You were on level 9 of the Dungeon.
You worshipped Okawaru.
Okawaru was extremely pleased with you.
You visited 1 branch of the dungeon, and saw 9 of its levels.

You collected 513 gold pieces.
You spent 242 gold pieces at shops.

Inventory:

Hand Weapons
 a - a +0 war axe
 p - a -1 demon whip of venom
 K - a +3 war axe of freezing
 P - the +0 broad axe of Lemuuv (weapon) {speed, *Noise rC+ rCorr Dex+3 Stlth+}
   (Okawaru gifted it to you on level 9 of the Dungeon)

   Dex:       It affects your dexterity (+3).
   rC:        It protects you from cold.
   *Noise:    It may make noises in combat.
   rCorr:     It protects you from acid and corrosion.
   Stlth:     It makes you more stealthy.
Missiles
 o - 13 poisoned darts
 D - 4 curare-tipped darts (quivered)
 M - 3 atropa-tipped darts
Armour
 b - a +0 scale mail
 c - a +0 buckler (worn)
 i - a +1 cloak (worn)
 l - a +0 chain mail
 v - a +0 plate armour (worn)
Jewellery
 w - a ring of ice
 B - a +6 ring of strength
 H - a ring of ice
Wands
 E - a wand of mindburst (7)
 G - a wand of acid (4)
 O - a wand of roots (5)
Scrolls
 e - 5 scrolls of identify {unknown}
 f - 2 scrolls of teleportation {unknown}
 g - 2 scrolls of silence {unknown}
 h - a scroll of vulnerability {unknown}
 k - 3 scrolls of immolation {unknown}
 n - 2 scrolls of fear {unknown}
 u - 2 scrolls of blinking {unknown}
 x - 4 scrolls of enchant armour
 y - a scroll of noise {unknown}
 F - a scroll of fog {unknown}
 I - a scroll of amnesia {unknown}
 J - a scroll of enchant weapon {unknown}
 N - a scroll of brand weapon {unknown}
Potions
 d - 4 potions of might
 j - 3 potions of brilliance
 m - a potion of curing
 q - 3 potions of cancellation
 r - 2 potions of flight {unknown}
 s - a potion of resistance {unknown}
 t - a potion of magic {unknown}
 z - a potion of berserk rage
 A - 2 potions of degeneration
 C - a potion of mutation {unknown}
 L - a potion of lignification {unknown}


   Skills:
 - Level 5.9 Fighting
 * Level 14.2 Axes
 - Level 8.1 Armour
 - Level 4.8 Dodging
 - Level 6.2 Shields


You had 10 spell levels left.
You didn't know any spells.
Your spell library contained the following spells:

 Spells                   Type           Power      Damage    Failure   Level
 Ensorcelled Hibernation  Hex/Ice        0%         N/A       100%        2
 Passwall                 Tmut/Erth      0%         N/A       100%        2
 Inner Flame              Hex/Fire       0%         N/A       100%        3
 Swiftness                Air            0%         N/A       100%        3
 Flame Wave               Conj/Fire      0%         2d4       100%        4
 Sticky Flame             Conj/Fire      0%         2d3       100%        4


Dungeon Overview and Level Annotations

Branches:
Dungeon (9/15)             Temple (0/1) D:4
   Lair: D:8-11         Orc: D:9-12

Altars:
Fedhas
Makhleb
Okawaru
Xom
Zin
The Shining One

Shops:
D:1 :   D:5 !

Annotations:
D:9 2 transporters, bronco's ghost, novice BaMo


Innate Abilities, Weirdness & Mutations

You have a beak for a mouth.
You have claws for feet.
Your magical nature lets you fly swiftly and evasively.


Message History

The wraith is almost destroyed.
The wraith hits you but does no damage.
You hit the wraith but do no damage. You claw the wraith.
You destroy the wraith!
Okawaru accepts your kill. The yak gores you! You block the yak's attack.
The yak barely misses you. The yak gores you!
You closely miss the yak. You claw the yak. Your peck misses the yak.
The yak is heavily wounded.
The yak barely misses you.
You hit the yak. You claw the yak. You peck the yak.
The yak is severely wounded.
The yak barely misses you.
You barely miss the yak. You claw the yak. Your peck misses the yak.
The yak is severely wounded.
The yak misses you.
You barely miss the yak.
The yak is severely wounded.
The yak gores you but does no damage.
You barely miss the yak. You claw the yak, but do no damage.
The yak is severely wounded.
The yak gores you!
* * * LOW HITPOINT WARNING * * *
Okay, then.
You fail to use your ability.
The yak gores you.
* * * LOW HITPOINT WARNING * * *
You hit the yak but do no damage. You claw the yak. You peck the yak.
The yak is almost dead.
The yak gores you.
* * * LOW HITPOINT WARNING * * *
You hit the yak.
The yak is almost dead.
The yak gores you!
* * * LOW HITPOINT WARNING * * *
Unknown command.
Okay, then.
Okay, then.
A red film seems to cover your vision as you go berserk!
You feel yourself moving faster!
You feel mighty! The yak gores you.
You die...

....##.o.##...## #...
....#####....## #...
#...©...+### #...
#......#.# #...
#.....##.# ####...
#...#.##.#### .......
#...#........
.......######...#........
......YY@.......'........
.......######...#........
....... #...#........
....... #...#........
....... #...#........
....... #...#........
....... #...#........
....... #####.......


You could see 2 yaks.

Vanquished Creatures
  A two-headed ogre (D:9)
  Amaemon (D:8)
  An orange demon (D:8)
  A hornet (D:9)
  Prince Ribbit (D:8)
  7 yaks
  2 wraiths (D:9)
  A steam dragon (D:7)
  An acid dragon (D:7)
  2 water moccasins
  An orc warrior (D:8)
  A sky beast (D:5)
  A black bear (D:6)
  An ice beast (D:5)
  4 centaurs
  3 phantoms
  2 kobold brigands (D:8)
  A bullfrog (D:8)
  A gnoll sergeant (D:8)
  4 scorpions
  8 wights
  39 killer bees
  A howler monkey (D:7)
  2 hounds
  5 orc priests
  3 jellies
  A gnoll bouda (D:6)
  Natasha (D:4)
  A sleepcap (D:6)
  6 orc wizards
  Robin (D:3)
  12 gnolls
  6 adders
  2 shadow imps (D:6)
  3 white imps
  2 ufetubi
  3 dart slugs
  21 orcs
  6 endoplasms
  A giant cockroach (D:1)
  19 goblins
  14 hobgoblins
  8 jackals
  3 quokkas
  8 ball pythons
  4 bats (D:1)
  5 frilled lizards
  19 kobolds
  2 rats
243 creatures vanquished.

Notes
Turn   | Place    | Note
-------+----------+-------------------------------------------
     0 | D:1      | Kurtz the Tengu Fighter began the quest for the Orb.
     0 | D:1      | Reached XP level 1. HP: 14/14 MP: 2/2
   148 | D:1      | Reached XP level 2. HP: 19/19 MP: 3/3
   436 | D:1      | Reached XP level 3. HP: 23/23 MP: 4/4
   713 | D:1      | Found Wudocet's Book Shoppe.
  1157 | D:2      | Reached skill level 3 in Axes
  1498 | D:2      | Reached XP level 4. HP: 24/28 MP: 5/5
  1762 | D:3      | Found an iron altar of Okawaru.
  1769 | D:3      | Became a worshipper of Warmaster Okawaru
  1773 | D:3      | Found a burning altar of Makhleb.
  1789 | D:3      | Noticed Robin
  1807 | D:3      | Killed Robin
  1870 | D:3      | Reached skill level 4 in Axes
  1870 | D:3      | Gained mutation: Your magical nature lets you fly swiftly
                  | and evasively. [Tengu growth]
  1870 | D:3      | Reached XP level 5. HP: 32/32 MP: 6/6
  2275 | D:4      | Reached * piety under Okawaru
  2305 | D:4      | Reached skill level 5 in Axes
  2305 | D:4      | Reached XP level 6. HP: 33/38 MP: 7/7
  2336 | D:4      | Noticed a water moccasin
  2348 | D:4      | Killed a water moccasin
  2516 | D:4      | Reached skill level 6 in Axes
  2668 | D:4      | Identified the +1 leather armour "Gipitz" {Str+4}
  2757 | D:4      | Reached XP level 7. HP: 37/43 MP: 8/8
  2787 | D:4      | Found a staircase to the Ecumenical Temple.
  2948 | D:4      | Noticed Natasha
  2954 | D:4      | Killed Natasha
  3186 | D:5      | Entered Level 5 of the Dungeon
  3284 | D:5      | Found Naked's Distillery.
  3288 | D:5      | Reached skill level 1 in Dodging
  3328 | D:5      | Bought a potion of berserk rage for 55 gold pieces
  3328 | D:5      | Bought a potion of heal wounds for 55 gold pieces
  3328 | D:5      | Bought a potion of degeneration for 11 gold pieces
  3328 | D:5      | Bought a potion of curing for 33 gold pieces
  3328 | D:5      | Bought a potion of cancellation for 88 gold pieces
  3442 | D:5      | Reached ** piety under Okawaru
  3443 | D:5      | Reached skill level 7 in Axes
  3581 | D:5      | Reached skill level 5 in Shields
  3640 | D:5      | Reached XP level 8. HP: 48/48 MP: 9/9
  4638 | D:5      | Reached skill level 8 in Axes
  4899 | D:6      | Reached *** piety under Okawaru
  5014 | D:6      | Found a glowing golden altar of the Shining One.
  5041 | D:6      | Reached skill level 5 in Armour
  5088 | D:6      | Reached skill level 9 in Axes
  5333 | D:6      | Noticed an angel
  5334 | D:6      | Found a glowing silver altar of Zin.
  5344 | D:6      | Found a shimmering altar of Xom.
  5803 | D:7      | Reached XP level 9. HP: 29/52 MP: 10/10
  6560 | D:7      | Reached **** piety under Okawaru
  7447 | D:7      | Reached skill level 10 in Axes
  7716 | D:8      | Reached skill level 5 in Fighting
  7752 | D:8      | Noticed a troll
  7753 | D:8      | Noticed a troll
  7887 | D:8      | Reached XP level 10. HP: 24/59 MP: 11/11
  8280 | D:8      | Noticed Prince Ribbit
  8288 | D:8      | Killed Prince Ribbit
  8289 | D:8      | Reached skill level 11 in Axes
  8485 | D:8      | Noticed an orange demon
  8486 | D:8      | Noticed Amaemon
  8494 | D:8      | Killed an orange demon
  8500 | D:8      | Killed Amaemon
  8501 | D:8      | Reached skill level 12 in Axes
  8646 | D:8      | Reached ***** piety under Okawaru
  8808 | D:8      | Reached skill level 13 in Axes
  8965 | D:8      | Received a gift from Okawaru
  9416 | D:9      | Reached XP level 11. HP: 38/64 MP: 12/12
  9568 | D:9      | Found a blossoming altar of Fedhas.
  9649 | D:9      | Noticed a two-headed ogre
  9666 | D:9      | Killed a two-headed ogre
  9666 | D:9      | Identified the +0 broad axe of Lemuuv {speed, *Noise rC+
                  | rCorr Dex+3 Stlth+} (Okawaru gifted it to you on level 9 of
                  | the Dungeon)
  9666 | D:9      | Received a gift from Okawaru
  9667 | D:9      | Reached skill level 14 in Axes
  9751 | D:9      | Noticed a centaur warrior
  9752 | D:9      | Noticed bronco's ghost (novice BaMo)
  9752 | D:9      | Noticed a boulder beetle
  9754 | D:9      | Found a transporter.
  9758 | D:9      | Found a transporter.
  9813 | D:9      | HP: 1/64 [yak (10)]
  9814 | D:9      | Slain by a yak

Illustrated notes

Levels and vault maps discovered:
D:1:      dpeg_arrival_more_subterranean_lakeside_camping, layout_basic,
          serial_shops, nicolae_shop_back_alley_shop
D:2:      layout_loops_cross
D:3:      layout_loops_cross, mainiacjoe_overflow_large_starburst, uniq_robin
D:4:      layout_loops_ring, minmay_temple_entry_antechambers, uniq_natasha
D:5:      layout_basic, serial_shops, shop
D:6:      layout_cave_pools, grunt_temple_overflow_order_and_chaos_1,
          mainiacjoe_overflow_six_doors_small
D:7:      layout_layer_cave, david_defended_altar_orc
D:8:      wad_woods_minihive, layout_cave_pods, uniq_prince_ribbit1,
          uniq_amaemon
D:9:      layout_basic, fedhas_altar_3, nzn_ghost_randoct

Skill      XL: |  1  2  3  4  5  6  7  8  9 10 11 |
---------------+----------------------------------+-----
Axes           | 3 4 5 6 7 9 10 13 14 | 14.2
Shields        | 4 5 6 |  6.2
Fighting       | 4 5 |  5.9
Dodging        | 1 2 4 |  4.8
Armour         | 4 5 7 8 |  8.1

Action                     |  1- 3 |  4- 6 |  7- 9 | 10-12 || total
---------------------------+-------+-------+-------+-------++-------
  Melee: War axe           |    85 |   116 |   289 |   143 ||   633
         Peck              |     7 |    16 |    49 |    33 ||   105
         Kick              |    16 |    31 |    75 |    62 ||   184
         Broad axe         |       |       |       |    37 ||    37
  Throw: Dart              |       |       |    13 |     5 ||    18
 Invoke: Heroism           |       |       |       |     4 ||     4
  Evoke: Wand              |       |       |     5 |     2 ||     7
    Use: Potion            |       |     1 |     4 |     7 ||    12
         Scroll            |       |       |     1 |       ||     1
 Armour: Scale mail        |    15 |       |       |       ||    15
         Chain mail        |     8 |    47 |       |       ||    55
         Plate armour      |       |     7 |   214 |    87 ||   308
  Dodge: Dodged            |    24 |    24 |   119 |    82 ||   249
  Block: Buckler           |    22 |    35 |    88 |    50 ||   195
